 Dungeon Crawl Stone Soup version 0.31.0-11-ge490571c62 (webtiles) character file.

Game seed: 1253054252481764569

34733 FallenXxXSky the Covert (level 13, 0/106 HPs)
             Began as a Gnoll Delver on Feb 1, 2024.
             Was a High Priest of Trog.
             Slain by a slime creature (13 damage)
             ... on level 4 of the Lair of Beasts.
             The game lasted 00:24:52 (17004 turns).

FallenXxXSky the Covert (Gnoll Delver)             Turns: 17004, Time: 00:24:53

Health: 0/106      AC: 29    Str: 17    XL:     13   Next: 79%
Magic:  25/25      EV: 11    Int: 13    God:    Trog [*****.]
Gold:   852        SH:  0    Dex: 13    Spells: 29/29 levels left

rFire   + . .        a - +5 flail of the Saviour {speed, Stlth+}
rCold   . . .        (no shield)
rNeg    + . .        r - +5 chain mail of Niestruxod {rF+ rN+ Will++}
rPois   +            K - +2 helmet {Int+3}
rElec   .            i - +2 cloak
rCorr   .            n - +0 pair of gloves
SInv    .            y - +0 pair of boots
Will    ++...        A - amulet of regeneration
Stlth   ++++         k - +4 ring of protection
HPRegen 1.17/turn    o - ring of poison resistance
MPRegen 0.19/turn

%: no passive effects
@: on berserk cooldown, slowed, very slow
A: fangs 1, strong nose, distributed training
a: Renounce Religion, Berserk, Trog's Hand, Brothers in Arms


You were on level 4 of the Lair of Beasts.
You worshipped Trog.
Trog was extremely pleased with you.
You visited 5 branches of the dungeon, and saw 18 of its levels.

You collected 1106 gold pieces.
You spent 254 gold pieces at shops.

Inventory:

Hand Weapons
 a - the +5 flail of the Saviour (weapon) {speed, Stlth+}
   (You bought it in a shop on level 7 of the Dungeon)

   Stlth+:    It makes you more stealthy.
 b - a +2 dagger of venom
 N - a +0 whip of electrocution
Missiles
 O - a throwing net (quivered)
Armour
 i - a +2 cloak (worn)
 n - a +0 pair of gloves (worn)
 r - the +5 chain mail of Niestruxod (worn) {rF+ rN+ Will++}
   (You found it on level 1 of the Lair of Beasts)

   rF+:       It protects you from fire.
   rN+:       It protects you from negative energy.
   Will++:    It greatly increases your willpower.
 y - a +0 pair of boots (worn)
 K - a +2 helmet of intelligence (worn)
Jewellery
 k - a +4 ring of protection (left hand)
 o - a ring of poison resistance (right hand)
 s - a ring of willpower
 w - a ring of see invisible
 A - an amulet of regeneration (around neck)
 J - a ring of protection from cold
Wands
 e - a wand of flame (36)
 g - a wand of digging (12)
 v - a wand of iceblast (4)
 E - a wand of mindburst (3)
 I - a wand of paralysis (12)
 L - a wand of light (6)
Scrolls
 c - 4 scrolls of fog
 d - a scroll of revelation
 j - 4 scrolls of enchant armour
 u - 2 scrolls of immolation
 x - 4 scrolls of teleportation
 B - 2 scrolls of torment
 C - a scroll of acquirement {unknown}
 D - 2 scrolls of enchant weapon
 F - 2 scrolls of identify
 H - a scroll of blinking
 P - a scroll of poison {unknown}
 Q - a scroll of summoning {unknown}
 S - a scroll of fear
Potions
 f - 4 potions of haste
 h - 2 potions of berserk rage
 l - 4 potions of magic
 m - a potion of mutation
 p - 2 potions of invisibility
 q - 2 potions of heal wounds
 t - 12 potions of curing {unknown}
 z - 4 potions of lignification
 G - a potion of cancellation
 M - a potion of attraction
 R - a potion of enlightenment {unknown}


   Skills:
 + Level 11.1 Fighting
 + Level 8.9 Short Blades
 + Level 8.9 Long Blades
 + Level 8.9 Axes
 + Level 10.1 Maces & Flails
 + Level 8.9 Polearms
 + Level 8.9 Staves
 + Level 8.9 Ranged Weapons
 + Level 8.9 Throwing
 + Level 8.9 Armour
 + Level 10.1 Dodging
 + Level 12.9 Stealth
 + Level 8.9 Shields
 + Level 8.9 Unarmed Combat
 + Level 8.9 Spellcasting
 + Level 7.4 Conjurations
 + Level 7.4 Hexes
 + Level 7.4 Summonings
 + Level 7.4 Necromancy
 + Level 7.4 Translocations
 + Level 7.4 Fire Magic
 + Level 7.4 Ice Magic
 + Level 7.4 Air Magic
 + Level 7.4 Earth Magic
 + Level 7.4 Alchemy
 + Level 9.7 Invocations
 + Level 8.9 Evocations
 + Level 8.1 Shapeshifting


You had 29 spell levels left.
You didn't know any spells.
Your spell library contained the following spells:

 Spells                   Type           Power      Damage    Failure   Level
 Ensorcelled Hibernation  Hex/Ice        50%        N/A       7%          2
 Fugue of the Fallen      Necr           25%        N/A       13%         3
 Anguish                  Hex/Necr       12%        N/A       41%         4
 Ignite Poison            Fire/Alch      25%        N/A       41%         4
 Sticky Flame             Fire/Alch      25%        2d6       41%         4
 Ignition                 Fire           12%        3d6       100%        8


Dungeon Overview and Level Annotations

Branches:
Dungeon (11/15)            Temple (1/1) D:4            Lair (4/5) D:11
  Swamp (0/4) Lair:2       Spider (0/4) Lair:3        Slime (1/5) Lair:4
    Orc (1/2) D:11

Altars:
Ashenzari
Cheibriados
Dithmenos
Elyvilon
Fedhas
Gozag
Hepliaklqana
Kikubaaqudgha
Makhleb
Nemelex Xobeh
Okawaru
Qazlal
Ru
Sif Muna
Trog
Uskayaw
Vehumet
Wu Jian
Xom
Yredelemnul
Zin
The Shining One
Jiyva

Shops:
D:2 ?   D:7 (

Annotations:
D:10 2 runed translucent doors, turdburglar's ghost, novice DrSh


Innate Abilities, Weirdness & Mutations

You have very sharp teeth.
Your uncanny sense of smell can sniff out nearby items.
Your experience applies equally to all skills.


Message History

The slime creature hits you!
* * * LOW HITPOINT WARNING * * *
A very large slime creature splits.
You sock the large slime creature!
The large slime creature is heavily wounded.
You hit the large slime creature.
The large slime creature is heavily wounded.
You thump the large slime creature! You bite the large slime creature!
The large slime creature is severely wounded.
You are no longer berserk.
You are exhausted.
You feel yourself slow down.
The slime creature hits you but does no damage.
A large slime creature splits.
The slime creature completely misses you.
You thump the slime creature!
The slime creature is almost dead.
The slime creature misses you.
The slime creature hits you but does no damage.
The slime creature closely misses you.
You hit the slime creature.
The slime creature is almost dead.
The slime creature hits you but does no damage. x2
The slime creature hits you!
* * * LOW HITPOINT WARNING * * *
You hit the slime creature.
You kill the slime creature!
Trog accepts your kill.
The slime creature hits you but does no damage. x2
The slime creature barely misses you.
You sock the slime creature! You punch the slime creature.
The slime creature is almost dead.
The slime creature closely misses you. The slime creature barely misses you.
You thump the slime creature!
You kill the slime creature!
Trog accepts your kill. The slime creature hits you!
* * * LOW HITPOINT WARNING * * *
The slime creature hits you!
You die...

.# ##.#.)...# ###### ##
#P.....P.### ##..P.# ##
#..........# ##...... .####
#..P...#...### #....##P
8.#.###...[........#######...####
..............##'##.........##
#.............#._.##..#######
####.#........#J..##### #### #
.###.....#....#.@J#.#######..####
..#.##..#.#...#####.............^
..............#P#.#.######.P#####
#.....8...#........## #### #.
#.................## ##
#.#.#.#.#..#.##....# ##
.###........####..## #. ##
#####.#..##...## ##. .#####
##....##..## ####P.


You could see 2 slime creatures.

Vanquished Creatures
  Kirke (Lair:4)
  Snorg (D:10)
  2 hydras (Lair:4)
  3 two-headed ogres
  2 boulder beetles
  Urug (Lair:4)
  Nergalle (D:10)
  A skyshark (Lair:3)
  2 bog bodies (Lair:2)
  Pikel (D:8)
  9 elephants
  An unseen horror (D:11)
  A gargoyle (D:11)
  A black mamba (Lair:2)
  4 komodo dragons
  An unseen horror zombie (D:9)
  5 cane toads
  2 kobold demonologists (D:10)
  4 rime drakes
  2 trolls
  A hornet (D:8)
  Grinder (D:3)
  3 blink frogs (Lair:3)
  3 slime creatures
  3 shadows
  Sigmund (D:6)
  A vampire (D:10)
  A hog (Lair:4)
  38 yaks
  A warg (D:11)
  2 redbacks (Lair:3)
  5 wyverns
  4 vampire mosquitoes (D:10)
  3 basilisks
  A steam dragon (D:9)
  7 water moccasins
  Duvessa (D:6)
  9 orc warriors
  2 black bears
  An ice beast (D:7)
  22 wolves
  A phantom (D:5)
  4 kobold brigands
  10 bullfrogs
  4 scorpions
  7 wights
  Dowan (D:6)
  4 killer bees (D:8)
  2 electric eels (Lair:2)
  5 howler monkeys
  2 vampire bats (D:9)
  4 bombardier beetles
  4 hounds
  6 jellies
  11 orc priests
  Ijyb (D:3)
  4 iguanas
  3 sleepcaps
  11 orc wizards
  A howler monkey zombie (D:9)
  9 adders
  5 gnolls
  A shadow imp (D:6)
  A white imp (D:6)
  4 dart slugs
  2 ribbon worms (D:3)
  36 orcs
  4 bat skeletons (D:9)
  2 bat zombies (D:9)
  9 endoplasms
  4 giant cockroaches
  5 hobgoblins
  10 jackals
  5 quokkas
  10 ball pythons
  6 bats
  4 frilled lizards
  3 goblins
  28 kobolds
  4 rats
392 creatures vanquished.

Vanquished Creatures (others)
  6 humans (Lair:4)
  2 orc wizards
8 creatures vanquished.

Grand Total: 400 creatures vanquished

Notes
Turn   | Place    | Note
-------+----------+-------------------------------------------
     0 | D:5      | Reached skill level 9 in Stealth
     0 | D:5      | FallenXxXSky the Gnoll Delver began the quest for the Orb.
     0 | D:5      | Reached XP level 1. HP: 23/23 MP: 1/1
    14 | D:6      | Noticed a hound
    48 | D:6      | Noticed a hound
   202 | D:5      | Reached XP level 2. HP: 28/29 MP: 2/2
   340 | D:3      | Found a hide-covered altar of Uskayaw.
   491 | D:2      | Found Tiwiush's Magic Scroll Emporium.
   495 | D:2      | Reached XP level 3. HP: 35/35 MP: 3/3
   509 | D:2      | Bought a scroll of noise for 11 gold pieces
   509 | D:2      | Bought a scroll of identify for 22 gold pieces
   621 | D:2      | Reached skill level 1 in Invocations
   677 | D:1      | Reached skill level 1 in Short Blades
   677 | D:1      | Reached skill level 1 in Long Blades
   677 | D:1      | Reached skill level 1 in Axes
   677 | D:1      | Reached skill level 1 in Polearms
   677 | D:1      | Reached skill level 1 in Staves
   677 | D:1      | Reached skill level 1 in Ranged Weapons
   677 | D:1      | Reached skill level 1 in Throwing
   677 | D:1      | Reached skill level 1 in Armour
   677 | D:1      | Reached skill level 1 in Shields
   677 | D:1      | Reached skill level 1 in Unarmed Combat
   677 | D:1      | Reached skill level 1 in Spellcasting
   677 | D:1      | Reached skill level 1 in Evocations
   694 | D:1      | Reached skill level 1 in Shapeshifting
   694 | D:1      | Reached XP level 4. HP: 39/41 MP: 5/5
  1098 | D:1      | Reached skill level 1 in Conjurations
  1098 | D:1      | Reached skill level 1 in Hexes
  1098 | D:1      | Reached skill level 1 in Summonings
  1098 | D:1      | Reached skill level 1 in Necromancy
  1098 | D:1      | Reached skill level 1 in Translocations
  1098 | D:1      | Reached skill level 1 in Fire Magic
  1098 | D:1      | Reached skill level 1 in Ice Magic
  1098 | D:1      | Reached skill level 1 in Air Magic
  1098 | D:1      | Reached skill level 1 in Earth Magic
  1098 | D:1      | Reached skill level 1 in Alchemy
  1208 | D:1      | Found a faded altar of an unknown god.
  1757 | D:3      | Noticed Grinder
  1791 | D:3      | Paralysed by Grinder for 4 turns
  1803 | D:3      | Killed Grinder
  1804 | D:3      | Reached skill level 5 in Maces & Flails
  1804 | D:3      | Reached skill level 5 in Dodging
  1804 | D:3      | Reached XP level 5. HP: 34/47 MP: 5/8
  1804 | D:3      | Reached XP level 6. HP: 38/53 MP: 5/9
  1948 | D:3      | Noticed a black bear
  1961 | D:3      | Killed a black bear
  2429 | D:3      | Found a shadowy altar of Dithmenos.
  2610 | D:3      | Reached XP level 7. HP: 60/60 MP: 10/10
  2611 | D:3      | Noticed Ijyb
  2635 | D:3      | Killed Ijyb
  3687 | D:4      | Found a staircase to the Ecumenical Temple.
  3844 | Temple   | Entered the Ecumenical Temple
  3958 | Temple   | Became a worshipper of Trog the Wrathful
  3991 | D:4      | Found a sacrificial altar of Ru.
  3992 | D:4      | Found a radiant altar of Vehumet.
  4247 | D:5      | Reached skill level 10 in Stealth
  4454 | D:5      | Reached XP level 8. HP: 44/67 MP: 12/12
  4635 | D:5      | Found a sparkling altar of Nemelex Xobeh.
  5548 | D:6      | Noticed Dowan
  5555 | D:6      | Killed Dowan
  5555 | D:6      | Reached * piety under Trog
  5558 | D:6      | Noticed Duvessa
  5572 | D:6      | Killed Duvessa
  5937 | D:6      | Noticed Sigmund
  5947 | D:6      | Killed Sigmund
  5980 | D:6      | Reached XP level 9. HP: 72/73 MP: 14/14
  6013 | D:6      | Found a glowing golden altar of the Shining One.
  6208 | D:6      | Found a broken altar of Ashenzari.
  6933 | D:7      | Found Las Arynen's Antique Weapon Emporium.
  6981 | D:7      | Bought a transparent flail for 221 gold pieces
  6981 | D:7      | Identified the +5 flail of the Saviour {speed, Stlth+} (You
                  | bought it in a shop on level 7 of the Dungeon)
  7153 | D:7      | Reached skill level 5 in Invocations
  7799 | D:8      | Noticed a two-headed ogre
  7809 | D:8      | Killed a two-headed ogre
  7810 | D:8      | Reached skill level 5 in Short Blades
  7810 | D:8      | Reached skill level 5 in Long Blades
  7810 | D:8      | Reached skill level 5 in Axes
  7810 | D:8      | Reached skill level 5 in Polearms
  7810 | D:8      | Reached skill level 5 in Staves
  7810 | D:8      | Reached skill level 5 in Ranged Weapons
  7810 | D:8      | Reached skill level 5 in Throwing
  7810 | D:8      | Reached skill level 5 in Armour
  7810 | D:8      | Reached skill level 5 in Shields
  7810 | D:8      | Reached skill level 5 in Unarmed Combat
  7810 | D:8      | Reached skill level 5 in Spellcasting
  7810 | D:8      | Reached skill level 5 in Evocations
  7810 | D:8      | Reached XP level 10. HP: 48/82 MP: 17/17
  8192 | D:8      | Identified the +4 short sword of Calamity {protect, *Slow
                  | Will+ SInv}
  8380 | D:8      | Reached ** piety under Trog
  8381 | D:8      | Reached skill level 11 in Stealth
  8567 | D:8      | Noticed Pikel
  8589 | D:8      | Killed Pikel
  8590 | D:8      | Reached skill level 5 in Shapeshifting
  9408 | D:9      | Found an ancient bone altar of Kikubaaqudgha.
  9477 | D:9      | Reached skill level 5 in Conjurations
  9477 | D:9      | Reached skill level 5 in Hexes
  9477 | D:9      | Reached skill level 5 in Summonings
  9477 | D:9      | Reached skill level 5 in Necromancy
  9477 | D:9      | Reached skill level 5 in Translocations
  9477 | D:9      | Reached skill level 5 in Fire Magic
  9477 | D:9      | Reached skill level 5 in Ice Magic
  9477 | D:9      | Reached skill level 5 in Air Magic
  9477 | D:9      | Reached skill level 5 in Earth Magic
  9477 | D:9      | Reached skill level 5 in Alchemy
  9485 | D:9      | Reached XP level 11. HP: 64/89 MP: 20/20
  9568 | D:9      | Found a shimmering blue altar of Sif Muna.
  9712 | D:9      | Reached *** piety under Trog
  9918 | D:9      | Found a basalt altar of Yredelemnul.
  9967 | D:10     | Entered Level 10 of the Dungeon
  9967 | D:10     | Noticed a two-headed ogre
  9978 | D:9      | Killed a two-headed ogre
 10244 | D:10     | Found a snail-covered altar of Cheibriados.
 10348 | D:10     | Noticed a soul eater
 10473 | D:10     | Noticed Nergalle
 10489 | D:10     | Killed Nergalle
 10763 | D:10     | Found a large runed translucent door.
 10763 | D:10     | Found a large runed translucent door.
 10765 | D:10     | Noticed turdburglar's ghost (novice DrSh)
 10827 | D:10     | Found an opulent altar of Gozag.
 11186 | D:11     | Noticed Snorg
 11201 | D:11     | Noticed a boulder beetle
 11207 | D:11     | HP: 4/89 [Snorg (14)]
 11300 | D:10     | Killed Snorg
 11367 | D:11     | Killed a boulder beetle
 11533 | D:11     | Reached XP level 12. HP: 97/97 MP: 22/22
 11922 | D:11     | Found a staircase to the Orcish Mines.
 11956 | D:11     | Found a staircase to the Lair.
 11993 | D:11     | Reached skill level 12 in Stealth
 12135 | D:11     | Noticed a two-headed ogre
 12147 | D:11     | Killed a two-headed ogre
 12375 | Orc:1    | Entered Level 1 of the Orcish Mines
 12422 | Orc:1    | Reached skill level 10 in Fighting
 12428 | Orc:1    | Reached **** piety under Trog
 12498 | Lair:1   | Entered Level 1 of the Lair of Beasts
 12627 | Lair:1   | Identified the +5 chain mail of Niestruxod {rF+ rN+ Will++}
 12747 | Lair:1   | You fall into a shaft and drop 1 floor!
 12882 | Lair:2   | Found a staircase to the Swamp.
 13976 | Lair:1   | Reached XP level 13. HP: 87/104 MP: 25/25
 13980 | Lair:1   | Reached ***** piety under Trog
 14880 | Lair:3   | Identified the +10 dagger of Havoc {drain, Int+3}
 15260 | Lair:3   | Found a hole to the Spider Nest.
 15872 | Lair:4   | Noticed Kirke
 15877 | Lair:4   | Received a gift from Trog
 15888 | Lair:4   | Noticed a sphinx
 15888 | Lair:4   | Killed Kirke
 16046 | Lair:3   | HP: 6/157 [skyshark (6)]
 16053 | Lair:3   | HP: 6/157 [skyshark (2)]
 16231 | Lair:4   | Found a viscous altar of Jiyva.
 16231 | Lair:4   | Found a staircase to the Slime Pits.
 16622 | Lair:4   | Reached skill level 10 in Maces & Flails
 16622 | Lair:4   | Reached skill level 10 in Dodging
 16708 | Lair:4   | Noticed Urug
 16734 | Lair:4   | Killed Urug
 16983 | Slime:1  | Entered Level 1 of the Pits of Slime
 17004 | Lair:4   | Slain by a slime creature

Illustrated notes

Levels and vault maps discovered:
D:1:      psy_arrival_terrarium, layout_basic,
          shapermc_ecumenical_altar_notcrosses
D:2:      layout_rooms, serial_shops, shop
D:3:      minmay_thinvault, layout_basic, eat_drink_and_be_merry_uskayaw,
          grunt_dithmenos_smoke_and_mirrors, uniq_grinder, uniq_ijyb
D:4:      layout_layer_cave, minitemple, minmay_temple_entry_gardened_gates
D:5:      layout_gridville, lemuel_crystal_altar, mainiacjoe_overflow_paths,
          serial_park_tiny_1, minmay_misc_feat_tower, st_stairs_11
D:6:      layout_basic, nicolae_tso_swordbearing_angel, kennysheep_mini,
          uniq_duvessa, uniq_sigmund
D:7:      layout_layer_cave, serial_shops, shop, minmay_chambers_of_fives
D:8:      layout_basic, enter_bailey_2, abandoned_shop, uniq_pikel
D:9:      layout_irregular_city, old_standard_altar,
          lemuel_zombie_altar_yredelemnul, kennysheep_vampire_church
D:10:     layout_loops_ring, mainiacjoe_overflow_surrounded_room,
          lemuel_round_altar, ebering_ghost_disaster_area, uniq_nergalle
D:11:     layout_cave_pools, erik_lair_orcish_takeover, david_orc_3, uniq_snorg
Temple:   chequers_temple_sunken
Lair:1:   layout_loops_ring, infiniplex_staircase_pool_2, grunt_megastairs_4
Lair:2:   layout_small_grid, skrybe_swamp_entry_bodies, serial_bayou,
          serial_bayou_shore_a, serial_bayou_lagoon_a, serial_bayou_crossing,
          serial_bayou_lake_a
Lair:3:   layout_cave_pods, spider_nest_entry_funnel_web
Lair:4:   layout_loops_ring, slime_entry_2, grunt_megastairs_1, uniq_kirke,
          uniq_urug
Slime:1:  layout_caves, nicolae_slime_barrier
Orc:1:    layout_caves, kennysheep_orc_chapel

Skill      XL: |  1  2  3  4  5  6  7  8  9 10 11 12 13 |
---------------+----------------------------------------+-----
Stealth        | 10 11 12 | 12.9
Invocations    | 1 2 3 4 5 6 7 8 9 |  9.7
Short Blades   | 1 2 3 5 6 7 8 |  8.9
Long Blades    | 1 2 3 5 6 7 8 |  8.9
Axes           | 1 2 3 5 6 7 8 |  8.9
Polearms       | 1 2 3 5 6 7 8 |  8.9
Staves         | 1 2 3 5 6 7 8 |  8.9
Ranged Weapons | 1 2 3 5 6 7 8 |  8.9
Throwing       | 1 2 3 5 6 7 8 |  8.9
Armour         | 1 2 3 5 6 7 8 |  8.9
Shields        | 1 2 3 5 6 7 8 |  8.9
Unarmed Combat | 1 2 3 5 6 7 8 |  8.9
Spellcasting   | 1 2 3 5 6 7 8 |  8.9
Evocations     | 1 2 3 5 6 7 8 |  8.9
Shapeshifting  | 1 2 3 4 5 6 7 8 |  8.1
Conjurations   | 1 2 3 4 5 6 7 |  7.4
Hexes          | 1 2 3 4 5 6 7 |  7.4
Summonings     | 1 2 3 4 5 6 7 |  7.4
Necromancy     | 1 2 3 4 5 6 7 |  7.4
Translocations | 1 2 3 4 5 6 7 |  7.4
Fire Magic     | 1 2 3 4 5 6 7 |  7.4
Ice Magic      | 1 2 3 4 5 6 7 |  7.4
Air Magic      | 1 2 3 4 5 6 7 |  7.4
Earth Magic    | 1 2 3 4 5 6 7 |  7.4
Alchemy        | 1 2 3 4 5 6 7 |  7.4
Maces & Flails | 5 6 7 8 9 10 | 10.1
Dodging        | 5 6 7 8 9 10 | 10.1
Fighting       | 7 8 9 10 11 | 11.1

Action                     |  1- 3 |  4- 6 |  7- 9 | 10-12 | 13-15 || total
---------------------------+-------+-------+-------+-------+-------++-------
  Melee: Mace              |    81 |   158 |    18 |       |       ||   257
         Bite              |     3 |    19 |    67 |   148 |    68 ||   305
         Punch             |     1 |     4 |    19 |    59 |    26 ||   109
         Dagger            |       |    15 |     2 |       |       ||    17
         Club              |       |       |   355 |       |       ||   355
         Flail             |       |       |   112 |   912 |   411 ||  1435
 Invoke: Berserk           |       |       |     3 |    10 |     3 ||    16
  Evoke: Wand              |       |       |       |     1 |       ||     1
    Use: Scroll            |     3 |     5 |     1 |     9 |       ||    18
         Potion            |       |       |       |     2 |       ||     2
   Stab: Sleeping          |     3 |    13 |     5 |     4 |     9 ||    34
         Distracted        |       |       |     8 |     1 |       ||     9
 Armour: Leather armour    |     3 |       |       |       |       ||     3
         Ring mail         |    46 |   119 |    31 |       |       ||   196
         Plate armour      |       |       |   422 |   718 |       ||  1140
         Chain mail        |       |       |       |   181 |   352 ||   533
  Dodge: Dodged            |    54 |   111 |   158 |   329 |   206 ||   858
